 Dungeon Sprint DCSS version 0.29-a0-857-g9b1aa3ac5b (webtiles) character file.

Game seed: 6392700504452797500

1548 manyhoops the Brawler (level 8, -16/94 HPs)
             Began as a Troll Berserker on July 17, 2022.
             Was a High Priest of Trog.
             Demolished by a polar bear (17 damage)
             ... while paralysed
             ... in the Dungeon (Sprint II: "The Violet Keep of Menkaure").
             The game lasted 00:03:20 (228 turns).

manyhoops the Brawler (Troll Berserker)              Turns: 228, Time: 00:03:20

Health: -16/94     AC:  4    Str: 35      XL:     8   Next: 57%
Magic:  7/7        EV:  1    Int:  0 (1)  God:    Trog [*****.]
Gold:   40         SH:  0    Dex:  9      Spells: 7/7 levels left

rFire   + . .      SeeInvis .     - Unarmed
rCold   x . .      Faith    .   (no shield)
rNeg    . . .      Spirit   .   a - +0 animal skin
rPois   .          Reflect  .   (helmet restricted)
rElec   .          Harm     .   (no cloak)
rCorr   .          Rampage  .   (gloves unavailable)
Will    ++...      NoTele   +   (boots unavailable)
Stlth   +.........              (no amulet)
HPRegen 2.05/turn               j - ring "Goitzali" {Fire *Corrode Str+7}
MPRegen 0.10/turn               (no ring)

@: paralysed, lethally poisoned (-16 -> -23), strong-willed, on berserk
cooldown, regenerating, slowed, lost intelligence, unable to read
A: large, unfitting armour, claws 3, regeneration 1, shaggy fur 1, tough skin 1,
deterioration 1, dopey 1, subdued magic 1
a: Renounce Religion, Berserk, Trog's Hand, Brothers in Arms


You were in the Dungeon.
You worshipped Trog.
Trog was extremely pleased with you.
You visited 1 branch You collected 729 gold pieces.
You spent 689 gold pieces at shops.

Inventory:

Armour
 a - a +0 animal skin (worn)
 h - a +0 cloak
Jewellery
 j - the ring "Goitzali" (left claw) {Fire *Corrode Str+7}
   (You bought it in a shop in the Dungeon)

   [ring of fire]

   It enhances your fire magic.
   Str:       It affects your strength (+7).
   rF:        It protects you from fire.
   rC:        It makes you vulnerable to cold.
   *Corrode:  It may corrode you when you take damage.
Scrolls
 i - 2 scrolls of identify
Potions
 b - a potion of curing
 d - a potion of haste
 e - 2 potions of magic
 f - a potion of berserk rage


   Skills:
 + Level 10.5 Fighting
 - Level 2.4 Dodging
 + Level 15.2 Unarmed Combat


You had 7 spell levels left.
You didn't know any spells.
Your spell library was empty.

Dungeon Overview and Level Annotations

Branches:
Dungeon (1/1)

Altars:
Cheibriados
Dithmenos
Elyvilon
Fedhas
Gozag
Hepliaklqana
Kikubaaqudgha
Makhleb
Nemelex Xobeh
Okawaru
Ru
Sif Muna
Trog
Uskayaw
Vehumet
Wu Jian
Xom
Yredelemnul
Zin
The Shining One
Jiyva
Lugonu

Shops:
D ==:[!(!=??[[:[*

Annotations:
D exclusions: ice statue and oklob plant


Innate Abilities, Weirdness & Mutations

You are too large for most types of armour.
You have claws for hands.
Your natural rate of healing is unusually fast.
You are covered in fur. (AC +1)
You have tough skin. (AC +1)
Your body sometimes deteriorates upon taking damage.
You are dopey. (Int -2)
Your spells are a little easier to cast, but a little less powerful.


Message History

As you read the scroll of blinking, it crumbles to dust.
You feel sick.
Your skin crawls.
You feel strong-willed.
You feel sick.
You feel sick.
You feel sick.
You are no longer poisoned.
You open the door. The hornet closely misses you.
Found 243 gold pieces.
The hornet stings you.
* * * LOW HITPOINT WARNING * * *
You feel as though you will be slow longer.
There is an open door here.
You feel much better. The hornet stings you!
Your body deteriorates!
You feel dopey.
You have lost your intelligence.
You feel as though you will be slow longer.
The polar bear bites you but does no damage.
The polar bear claws you. x2; The hornet stings you!
* * * LOW HITPOINT WARNING * * *
You are poisoned.
You feel as though you will be slow longer.
You feel very sick. The hornet stings you.
* * * LOW HITPOINT WARNING * * *
You are more poisoned.
You feel as though you will be slow longer.
The polar bear bites you!
* * * LOW HITPOINT WARNING * * *
The polar bear claws you but does no damage.
The polar bear claws you.
* * * LOW HITPOINT WARNING * * *
The walls and floor vibrate strangely for a moment.
You feel very sick. The hornet stings you.
* * * LOW HITPOINT WARNING * * *
You are more poisoned.
You feel as though you will be slow longer.
The polar bear bites you!
You die...

####≈≈#+++#+++## ###≈≈≈.........#
.∩#≈≈≈≈.##+##..#
∩.#≈≈≈≈###..##.#### +.### :▓$((
.∩#≈≈≈≈#.##..#....# ^^.# ##▓!$(
∩.#≈≈####.#.####..## #..# $#▓$$!
..#≈##.###†###.##..# +^.# c#▓!?)
..#≈#.#.##.##...#..# #..# y#▓?$$
..'≈'.##'.<.†##$@y.####..##.#▓!?$
..#≈#..###.##...#h.c.###..c##▓▓▓▓
###≈##.# #'###.##......≈≈≈≈≈≈≈≈†≈
###≈≈####.#.####≈≈.....≈#'#######
##≈≈≈#.###.#≈≈≈≈§≈≈.†≈#_._.....
'#≈## ##≈≈≈≈≈≈≈≈.≈#._._.... (#≈≈#
#≈≈≈≈§§≈≈§≈≈#_._._... ## ≈≈
≈≈≈≈≈≈≈§≈≈≈§≈#._._._..
+++#≈≈≈≈≈§≈≈≈#_._._._.


You could see a polar bear, a yaktaur and a hornet.

Vanquished Creatures
  A blink frog (D)
  2 wyverns (D)
  4 neqoxecs (D)
  Menkaure (D)
  3 water moccasins (D)
  4 necrophages (D)
  3 worms (D)
18 creatures vanquished.

Vanquished Creatures (others)
  4 tentacles (D)
4 creatures vanquished.

Grand Total: 22 creatures vanquished

Notes
Turn   | Place    | Note
-------+----------+-------------------------------------------
     0 | D        | manyhoops the Troll Berserker began the quest for the Orb.
     0 | D        | Reached XP level 1. HP: 22/22 MP: 0/0
    14 | D        | Reached skill level 4 in Unarmed Combat
    18 | D        | Reached ** piety under Trog
    19 | D        | Reached XP level 2. HP: 19/31 MP: 1/1
    31 | D        | Noticed a neqoxec
    31 | D        | Noticed a neqoxec
    32 | D        | Lost intelligence.
    44 | D        | Killed a neqoxec
    45 | D        | Reached skill level 8 in Unarmed Combat
    45 | D        | Reached XP level 3. HP: 36/44 MP: 2/2
    45 | D        | Reached XP level 4. HP: 43/52 MP: 3/3
    45 | D        | Reached XP level 5. HP: 48/59 MP: 4/4
    45 | D        | Gained mutation: You have hidden genetic defects. [a
                  | neqoxec]
    48 | D        | Killed a neqoxec
    49 | D        | Reached skill level 9 in Unarmed Combat
    49 | D        | Reached XP level 6. HP: 32/71 MP: 5/5
    52 | D        | Gained mutation: You are dopey. (Int -2) [hidden defects]
    70 | D        | Reached skill level 10 in Unarmed Combat
    75 | D        | Reached *** piety under Trog
    76 | D        | Reached skill level 11 in Unarmed Combat
    88 | D        | Gained mutation: Your spells are a little easier to cast,
                  | but a little less powerful. [hidden defects]
    88 | D        | Lost mutation: You have hidden genetic defects. [hidden
                  | defects expressed]
    96 | D        | Found Osmutac's Magic Scroll Emporium.
    96 | D        | Found Ycolem's Antique Armour Emporium.
    96 | D        | Found Pascheac's Book Emporium.
    96 | D        | Found Ydaq's Magic Scroll Shoppe.
   104 | D        | Noticed a wyvern
   104 | D        | Noticed a wyvern
   109 | D        | Killed a wyvern
   110 | D        | Reached skill level 12 in Unarmed Combat
   110 | D        | Reached XP level 7. HP: 83/83 MP: 6/6
   112 | D        | Killed a wyvern
   112 | D        | Reached **** piety under Trog
   113 | D        | Reached skill level 13 in Unarmed Combat
   121 | D        | Noticed a neqoxec
   122 | D        | Noticed a neqoxec
   126 | D        | Killed a neqoxec
   127 | D        | Gained mutation: Your body sometimes deteriorates upon
                  | taking damage. [a neqoxec]
   130 | D        | Killed a neqoxec
   131 | D        | Reached XP level 8. HP: 93/93 MP: 7/7
   133 | D        | Found Ibel's Jewellery Shoppe.
   133 | D        | Found Fathryts's Assorted Antiques.
   133 | D        | Found Sugojeop's Antique Armour Shoppe.
   133 | D        | Found Losynup's Armour Shoppe.
   134 | D        | Found Cextodoxt's Distillery.
   134 | D        | Found Headeunisk's Antique Weapon Emporium.
   134 | D        | Noticed a blink frog
   135 | D        | Found Loinkit's Distillery.
   135 | D        | Found Othin's Antique Armour Shoppe.
   135 | D        | Noticed Menkaure
   135 | D        | Noticed an oklob plant
   136 | D        | Found Fyedaeph's Jewellery Shoppe.
   136 | D        | Found Cenem's Jewellery Emporium.
   136 | D        | Found Usmyokh's Book Shoppe.
   148 | D        | Killed Menkaure
   149 | D        | Reached skill level 10 in Fighting
   149 | D        | Reached skill level 14 in Unarmed Combat
   149 | D        | Killed a blink frog
   152 | D        | Bought a cloak for 99 gold pieces
   153 | D        | Bought a scroll of identify for 28 gold pieces
   153 | D        | Bought a scroll of identify for 28 gold pieces
   154 | D        | Bought the ring "Goitzali" {Fire *Corrode Str+7} for 534
                  | gold pieces
   170 | D        | Noticed an ice statue
   180 | D        | Found an iron altar of Okawaru.
   180 | D        | Found a radiant altar of Vehumet.
   181 | D        | Found a glowing silver altar of Zin.
   182 | D        | Found a sparkling altar of Nemelex Xobeh.
   182 | D        | Found a hide-covered altar of Uskayaw.
   182 | D        | Found a basalt altar of Yredelemnul.
   183 | D        | Found an opulent altar of Gozag.
   183 | D        | Found a burning altar of Makhleb.
   183 | D        | Found a bloodstained altar of Trog.
   183 | D        | Found a shimmering altar of Xom.
   184 | D        | Found a blossoming altar of Fedhas.
   184 | D        | Found a corrupted altar of Lugonu.
   184 | D        | Found a shimmering blue altar of Sif Muna.
   184 | D        | Found a glowing golden altar of the Shining One.
   184 | D        | Found an ornate altar of the Wu Jian Council.
   185 | D        | Found a white marble altar of Elyvilon.
   185 | D        | Found an ancient bone altar of Kikubaaqudgha.
   185 | D        | Found a sacrificial altar of Ru.
   192 | D        | Reached ***** piety under Trog
   194 | D        | Found a shadowy altar of Dithmenos.
   194 | D        | Found a viscous altar of Jiyva.
   195 | D        | Found a snail-covered altar of Cheibriados.
   197 | D        | Found a hazy altar of Hepliaklqana.
   205 | D        | Noticed a kraken
   216 | D        | Reached skill level 15 in Unarmed Combat
   219 | D        | Noticed a yaktaur
   219 | D        | Noticed a hornet
   219 | D        | Noticed a polar bear
   219 | D        | Noticed a polar bear
   226 | D        | Lost intelligence.
   228 | D        | HP: 1/94 [hornet (5)]
   228 | D        | Demolished by a polar bear

Illustrated notes

Levels and vault maps discovered:
D:        the_violet_keep_of_menkaure [sprint2_stairs_cluster_1,
          sprint2_shoproom, sprint2_temple, sprint2_basic_supplies,
          sprint2_obstacle_1, sprint2_obstacle_6, sprint2_obstacle_2,
          sprint2_obstacle_3, sprint2_obstacle_7, sprint2_timed_cluster_1,
          sprint2_smallroom_cluster_1, sprint2_smallroom_final_cluster_1,
          sprint2_transparent_cluster_1, sprint2_second_timed_cluster_1,
          sprint2_sniper_area_1, sprint2_heavy_combat_area_1,
          sprint2_mutation_trap_area_1, sprint2_forest_area_1,
          sprint2_light_combat_area_1, sprint2_behind_water_1,
          sprint2_near_end_vault_1]

Skill      XL: |  1  2  3  4  5  6  7  8 |
---------------+-------------------------+-----
Fighting       | 3 6 7 9 10 | 10.5
Unarmed Combat | 4 8 9 12 13 15 | 15.2
Dodging        | |  2.4

Action                   |  1- 3 |  4- 6 |  7- 9 || total
-------------------------+-------+-------+-------++-------
Melee: Unarmed           |    23 |    30 |    23 ||    76
Invok: Berserk           |     1 |     1 |     1 ||     3
       Trog's Hand       |       |     1 |     2 ||     3
  Use: Scroll            |       |       |     1 ||     1
       Potion            |       |       |     1 ||     1
Armor: Animal skin       |     1 |     4 |     7 ||    12
Dodge: Dodged            |     3 |     9 |     8 ||    20

Table legend: (Time is in decaauts)
 A = Elapsed time spent in this place.
 B = Non-inter-level travel time spent in this place.
 C = Inter-level travel time spent in this place.
 D = Time resting spent in this place.
 E = Time spent auto-exploring this place.
 F = Levels seen in this place.
 G = Mean time per level.
                   A        B        C        D        E       F      G
               +--------+--------+--------+--------+--------+-----+--------+
         Total |    250 |    250 |      0 |      0 |      0 |   1 |  250.0 |
       Dungeon |    250 |    250 |      0 |      0 |      0 |   1 |  250.0 |
               +--------+--------+--------+--------+--------+-----+--------+

Top non-repeatable levels by time:
       D: 250 daAuts
